[Event "DLM Youth 2024"]
[Site "Tuebingen"]
[Date "2024.10.03"]
[Round "1"]
[White "Herrmann, Arthur"]
[Black "Aniol, Nico"]
[Result "1/2-1/2"]
[ECO "B15"]
[WhiteElo "2031"]
[BlackElo "1864"]
[Annotator "RC"]
[PlyCount "97"]
[EventDate "2024.10.03"]
[EventType "team-swiss"]
[EventRounds "7"]
[EventCountry "GER"]
[SourceTitle "playchess.com"]
[Source "ChessBase"]
[SourceQuality "1"]
[TimeControl "40/5400+30:1800+30"]

1. e4 c6 2. d4 d5 3. Nc3 dxe4 4. Nxe4 Nf6 5. Nxf6+ exf6 6. c3 Bd6 7. Bd3 O-O 8. Qc2 Re8+ 9. Ne2 h5 10. O-O h4 11. h3 Nd7 12. Bd2 Nf8 13. Rae1 Bd7 14. Nf4 Qc7 15. Nh5 Qa5 16. Nf4 Rxe1 17. Rxe1 Qxa2 18. c4 Bxf4 19. Bxf4 Qa5 20. Re7 Re8 21. Rxe8 Bxe8 22. Qe2 Qd8 23. Be3 g5 24. f4 gxf4 25. Qg4+ Ng6 26. Bxg6 fxg6 27. Qxf4 g5 28. Qe4 Bf7 29. b3 Kg7 30. Bd2 b5 31. Qd3 a6 32. Bc3 Qd6 33. Kh1 Qf4 34. d5 bxc4 35. bxc4 cxd5 36. cxd5 Qc1+ 37. Kh2 Bxd5 38. Bxf6+ Kxf6 39. Qxd5 Qf4+ 40. Kh1 Qf1+ 41. Kh2 Qb5 42. Qd8+ Kf5 43. Qf8+ Ke4 44. Qf3+ Ke5 45. Qe3+ Kd6 46. Qd4+ Kc6 47. Qf6+ Kc7 48. Qe7+ Kc6 49. Qf6+ 1/2-1/2

[Event "DLM Youth 2024"]
[Site "Tuebingen"]
[Date "2024.10.03"]
[Round "1"]
[White "Mueller, Maximilian"]
[Black "Kieselbach, Jannik"]
[Result "1/2-1/2"]
[ECO "D05"]
[WhiteElo "2030"]
[BlackElo "2014"]
[Annotator "RC"]
[PlyCount "73"]
[EventDate "2024.10.03"]
[EventType "team-swiss"]
[EventRounds "7"]
[EventCountry "GER"]
[SourceTitle "playchess.com"]
[Source "ChessBase"]
[SourceQuality "1"]
[TimeControl "40/5400+30:1800+30"]

1. d4 Nf6 2. Nf3 e6 3. e3 b6 4. Bd3 Bb7 5. O-O Be7 6. Nbd2 d5 7. Ne5 O-O 8. f4 Ne4 9. Qf3 f5 10. Kh1 Nd7 11. Nxd7 Qxd7 12. Qe2 Nxd2 13. Bxd2 Kh8 14. Rf3 Rf7 15. Rg1 Raf8 16. Rh3 g6 17. g4 Bf6 18. Be1 Rg8 19. Qg2 Rgg7 20. Rf3 Qd8 21. g5 Be7 22. h4 Kg8 23. Rh3 Kf8 24. h5 Ke8 25. Qe2 Kd7 26. Rg2 Kc8 27. Rgh2 Kb8 28. c3 Rg8 29. b4 c5 30. bxc5 bxc5 31. Qb2 c4 32. Bc2 Qd7 33. hxg6 hxg6 34. Rh8 Rxh8 35. Rxh8+ Bf8 36. Kg2 Kc7 37. Bd2 1/2-1/2

[Event "DLM Youth 2024"]
[Site "Tuebingen"]
[Date "2024.10.03"]
[Round "1"]
[White "Mueller, Riyanna"]
[Black "Sereda, Yaroslava"]
[Result "0-1"]
[ECO "B22"]
[WhiteElo "2014"]
[BlackElo "1972"]
[Annotator "RC"]
[PlyCount "126"]
[EventDate "2024.10.03"]
[EventType "team-swiss"]
[EventRounds "7"]
[EventCountry "GER"]
[SourceTitle "playchess.com"]
[Source "ChessBase"]
[SourceQuality "1"]
[TimeControl "40/5400+30:1800+30"]

1. e4 c5 2. c3 Nf6 3. e5 Nd5 4. d4 cxd4 5. Nf3 Nc6 6. cxd4 d6 7. Bc4 Nb6 8. Bb5 Bd7 9. Nc3 dxe5 10. dxe5 g6 11. O-O Bg7 12. Qe2 O-O 13. Bf4 a6 14. Bxc6 Bxc6 15. Rad1 Nd5 16. Nxd5 Bxd5 17. Ng5 Qa5 18. b3 Bc6 19. Rfe1 e6 20. h4 h6 21. Ne4 Bxe4 22. Qxe4 Qxa2 23. Rd3 Rad8 24. Rh3 Qb2 25. h5 g5 26. Bxg5 hxg5 27. h6 Rd4 28. Qe3 Qd2 29. hxg7 Kxg7 30. Qxd2 Rxd2 31. Rg3 Kh6 32. Re4 Rfd8 33. f4 R8d4 34. fxg5+ Kg6 35. Ree3 Rd1+ 36. Kh2 Rh4+ 37. Rh3 Rxh3+ 38. gxh3 Kxg5 39. Rf3 Kg6 40. Kg3 Rd4 41. Re3 b5 42. Kf2 Kf5 43. Kg3 a5 44. h4 Kg6 45. Kh3 Kh5 46. Rf3 Rxh4+ 47. Kg3 Rg4+ 48. Kh3 Re4 49. Rxf7 Rxe5 50. Ra7 Re3+ 51. Kg2 Rxb3 52. Rxa5 Kg4 53. Kf2 Kf4 54. Ke2 Ke4 55. Kd2 Kd4 56. Kc2 Rb4 57. Ra6 e5 58. Rd6+ Ke4 59. Rb6 Ke3 60. Rh6 e4 61. Rh3+ Kd4 62. Rh8 Rc4+ 63. Kd1 b4 0-1

[Event "DLM Youth 2024"]
[Site "Tuebingen"]
[Date "2024.10.03"]
[Round "1"]
[White "Albrecht, Neil"]
[Black "Ensslen, Jakob"]
[Result "1-0"]
[ECO "B76"]
[WhiteElo "1997"]
[BlackElo "1774"]
[Annotator "RC"]
[PlyCount "97"]
[EventDate "2024.10.03"]
[EventType "team-swiss"]
[EventRounds "7"]
[EventCountry "GER"]
[SourceTitle "playchess.com"]
[Source "ChessBase"]
[SourceQuality "1"]
[TimeControl "40/5400+30:1800+30"]

1. e4 c5 2. Nf3 d6 3. d4 cxd4 4. Nxd4 Nf6 5. Nc3 g6 6. Be3 Bg7 7. f3 O-O 8. Qd2 Nc6 9. O-O-O d5 10. Nxc6 bxc6 11. Bc4 Be6 12. exd5 cxd5 13. Bb3 Rc8 14. Bxa7 Qc7 15. Bd4 Rfd8 16. g4 Ra8 17. h4 Bc8 18. Bxf6 exf6 19. Nxd5 Qd7 20. Qb4 Qe8 21. Qe7 Be6 22. Qxe8+ Rxe8 23. Nc7 Bxb3 24. Nxe8 Bh6+ 25. g5 fxg5 26. axb3 gxh4+ 27. Kb1 Rxe8 28. Rxh4 Bg5 29. Rg4 Bf6 30. Rf4 Kg7 31. b4 h5 32. b5 h4 33. b6 Rb8 34. Rb4 g5 35. Rb5 Kg6 36. c4 Bd8 37. c5 f5 38. Kc2 Kh5 39. Rh1 g4 40. fxg4+ Kxg4 41. Rb3 f4 42. Rg1+ Kf5 43. Rg8 Ke4 44. Re8+ Kf5 45. Rd3 Bc7 46. Rxb8 Bxb8 47. c6 Ke4 48. c7 f3 49. c8=Q 1-0

[Event "DLM Youth 2024"]
[Site "Tuebingen"]
[Date "2024.10.03"]
[Round "1"]
[White "Buchholz, Maja Patricia"]
[Black "Voigt, Anastasia"]
[Result "0-1"]
[ECO "A14"]
[WhiteElo "1988"]
[BlackElo "2037"]
[Annotator "RC"]
[PlyCount "94"]
[EventDate "2024.10.03"]
[EventType "team-swiss"]
[EventRounds "7"]
[EventCountry "GER"]
[SourceTitle "playchess.com"]
[Source "ChessBase"]
[SourceQuality "1"]
[TimeControl "40/5400+30:1800+30"]

1. c4 Nf6 2. g3 e6 3. Bg2 d5 4. Nf3 Be7 5. b3 O-O 6. Bb2 b6 7. cxd5 Nxd5 8. O-O c5 9. d4 cxd4 10. Nxd4 Bb7 11. e4 Nf6 12. e5 Nd5 13. Nd2 Nd7 14. Re1 Nc5 15. Ne4 Rc8 16. Nb5 Nxe4 17. Bxe4 a6 18. Nd6 Bxd6 19. exd6 Rb8 20. Bxh7+ Kxh7 21. Qh5+ Kg8 22. Bxg7 Kxg7 23. Qg4+ Kh7 24. Re5 f5 25. Qh5+ Kg7 26. Rxe6 Rf6 27. Rae1 Qh8 28. Qe2 Qh6 29. Qe5 Rh8 30. h4 Kf7 31. Re7+ Nxe7 32. Qxe7+ Kg6 33. d7 Qf8 34. Qe3 Be4 35. f3 Qc5 36. fxe4 Qxe3+ 37. Rxe3 fxe4 38. Rxe4 Rd8 39. Kg2 Rxd7 40. Kh3 Rd2 41. a4 Rff2 42. Kg4 Rd3 43. h5+ Kf7 44. Kh3 Rxb3 45. Rg4 Rbb2 46. Kh4 Rf5 47. h6 Rh2# 0-1

[Event "DLM Youth 2024"]
[Site "Tuebingen"]
[Date "2024.10.03"]
[Round "1"]
[White "Noennig, Jakob"]
[Black "Mester, Philipp"]
[Result "0-1"]
[ECO "C54"]
[WhiteElo "1986"]
[BlackElo "1996"]
[Annotator "RC"]
[PlyCount "136"]
[EventDate "2024.10.03"]
[EventType "team-swiss"]
[EventRounds "7"]
[EventCountry "GER"]
[SourceTitle "playchess.com"]
[Source "ChessBase"]
[SourceQuality "1"]
[TimeControl "40/5400+30:1800+30"]

1. e4 e5 2. Nf3 Nc6 3. Bc4 Bc5 4. c3 Nf6 5. d4 exd4 6. e5 d5 7. Bb5 Ne4 8. cxd4 Bb6 9. Nc3 O-O 10. Be3 Bg4 11. h3 Bh5 12. Qc2 Bg6 13. Qb3 Ne7 14. O-O c6 15. Bd3 Nxc3 16. Qxc3 Bxd3 17. Qxd3 f6 18. exf6 Rxf6 19. Bg5 Re6 20. Rae1 Qd7 21. Ne5 Qd6 22. f4 Rf8 23. g4 Ng6 24. Kh1 Ree8 25. f5 Nh8 26. Bf4 Qb4 27. Nf3 Nf7 28. g5 Nd6 29. Bxd6 Qxd6 30. Ne5 Qb4 31. f6 Qxd4 32. Qf5 Rxe5 33. Rxe5 Bc5 34. g6 gxf6 35. gxh7+ Kh8 36. Re6 a5 37. Qg6 Qh4 38. Kh2 Bf2 39. Qg2 Bd4 40. Re7 Qh6 41. Rxb7 Re8 42. Re7 Rb8 43. b3 Qf8 44. Re6 Qf7 45. Qg4 c5 46. Rc6 a4 47. Rf5 axb3 48. axb3 Be5+ 49. Kh1 c4 50. bxc4 dxc4 51. Rf1 Qd5+ 52. Qf3 Qxf3+ 53. Rxf3 c3 54. Kg1 Rb2 55. Kf1 c2 56. Re3 Rb1+ 57. Re1 Bg3 58. Rxc2 Rxe1+ 59. Kg2 Be5 60. Rc8+ Kxh7 61. Re8 Re3 62. Re6 Kg6 63. Re8 Kf5 64. Rh8 Ke4 65. h4 f5 66. h5 Rg3+ 67. Kf2 Rf3+ 68. Kg2 Bxh8 0-1

[Event "DLM Youth 2024"]
[Site "Tuebingen"]
[Date "2024.10.03"]
[Round "1"]
[White "Reuter, Elisa"]
[Black "Fruth, David"]
[Result "1/2-1/2"]
[ECO "B35"]
[WhiteElo "1985"]
[BlackElo "1966"]
[Annotator "RC"]
[PlyCount "80"]
[EventDate "2024.10.03"]
[EventType "team-swiss"]
[EventRounds "7"]
[EventCountry "GER"]
[SourceTitle "playchess.com"]
[Source "ChessBase"]
[SourceQuality "1"]
[TimeControl "40/5400+30:1800+30"]

1. e4 c5 2. Nf3 Nc6 3. d4 cxd4 4. Nxd4 g6 5. Be3 Nf6 6. Nc3 Bg7 7. Bc4 O-O 8. Bb3 Re8 9. f3 e6 10. f4 d6 11. Qf3 a6 12. O-O-O Qa5 13. Nxc6 bxc6 14. Rxd6 Bb7 15. e5 Nd5 16. Nxd5 exd5 17. Qf2 Qc7 18. Bc5 Bc8 19. Bb6 Qb7 20. Rd8 Rxd8 21. Bxd8 a5 22. a4 Bf5 23. Bb6 Bh6 24. g3 d4 25. Bc5 d3 26. Rd1 Rb8 27. Qd4 Bf8 28. Bxf8 Rxf8 29. g4 dxc2 30. Bxc2 Bxc2 31. Kxc2 Rb8 32. Qc3 c5 33. Kc1 Qe4 34. Qxa5 Qxf4+ 35. Kb1 Qe4+ 36. Kc1 Rb4 37. Qd8+ Kg7 38. Qf6+ Kh6 39. Qh4+ Kg7 40. Qf6+ Kh6 1/2-1/2

[Event "DLM Youth 2024"]
[Site "Tuebingen"]
[Date "2024.10.03"]
[Round "1"]
[White "Goldmann, David"]
[Black "Braeutigam, Alexander"]
[Result "1-0"]
[ECO "B51"]
[WhiteElo "1969"]
[BlackElo "2104"]
[Annotator "RC"]
[PlyCount "47"]
[EventDate "2024.10.03"]
[EventType "team-swiss"]
[EventRounds "7"]
[EventCountry "GER"]
[SourceTitle "playchess.com"]
[Source "ChessBase"]
[SourceQuality "1"]
[TimeControl "40/5400+30:1800+30"]

1. e4 c5 2. Nf3 d6 3. Bb5+ Nd7 4. d4 cxd4 5. Qxd4 a6 6. Bxd7+ Bxd7 7. c4 Nf6 8. Nc3 b5 9. cxb5 Bxb5 10. Bg5 Rc8 11. Bxf6 gxf6 12. Nxb5 axb5 13. O-O Bh6 14. Qd3 Qb6 15. Nd4 Rc4 16. Nf5 Bf4 17. b3 Rc5 18. g3 Be5 19. Rac1 e6 20. Ne3 Ke7 21. Rc2 Rhc8 22. Rfc1 Bb2 23. Rd1 Bc1 24. Rdxc1 1-0

[Event "DLM Youth 2024"]
[Site "Tuebingen"]
[Date "2024.10.03"]
[Round "1"]
[White "Groeschel, Karoline"]
[Black "Klaska, Philipp Leon"]
[Result "0-1"]
[ECO "B27"]
[WhiteElo "1968"]
[BlackElo "2263"]
[Annotator "RC"]
[PlyCount "56"]
[EventDate "2024.10.03"]
[EventType "team-swiss"]
[EventRounds "7"]
[EventCountry "GER"]
[SourceTitle "playchess.com"]
[Source "ChessBase"]
[SourceQuality "1"]
[TimeControl "40/5400+30:1800+30"]

1. e4 c5 2. Nf3 g6 3. c3 Bg7 4. d4 cxd4 5. cxd4 d5 6. e5 Nh6 7. h3 O-O 8. Nc3 Nc6 9. Bb5 f6 10. exf6 exf6 11. O-O Qd6 12. Re1 Rd8 13. Bxc6 Qxc6 14. Bf4 g5 15. Bh2 Bf5 16. Rc1 Rac8 17. Qd2 Qd7 18. Re3 Bf8 19. Rce1 Bb4 20. Qe2 Bxc3 21. bxc3 Be4 22. Nd2 Nf5 23. Rxe4 dxe4 24. Nxe4 Rf8 25. Qh5 Ng7 26. Qh6 Rce8 27. Kf1 Qb5+ 28. Kg1 Rxe4 0-1

[Event "DLM Youth 2024"]
[Site "Tuebingen"]
[Date "2024.10.03"]
[Round "1"]
[White "Haug, Mara"]
[Black "Shen, Tingrui"]
[Result "0-1"]
[ECO "B35"]
[WhiteElo "1958"]
[BlackElo "2102"]
[Annotator "RC"]
[PlyCount "102"]
[EventDate "2024.10.03"]
[EventType "team-swiss"]
[EventRounds "7"]
[EventCountry "GER"]
[SourceTitle "playchess.com"]
[Source "ChessBase"]
[SourceQuality "1"]
[TimeControl "40/5400+30:1800+30"]

1. e4 c5 2. Nf3 Nc6 3. d4 cxd4 4. Nxd4 g6 5. Nc3 Bg7 6. Be3 Nf6 7. Bc4 Qa5 8. O-O O-O 9. Bb3 d6 10. h3 Bd7 11. Nf3 Rac8 12. Qd2 Qh5 13. Qe2 a6 14. Rfe1 b5 15. a3 Na5 16. Bd2 Nxb3 17. cxb3 Be6 18. Nd4 Qxe2 19. Rxe2 Nd7 20. Nxe6 fxe6 21. Rc1 Nc5 22. b4 Nb3 23. Rd1 Nxd2 24. Rexd2 Bxc3 25. bxc3 Rxc3 26. Rd3 Rfc8 27. Kf1 Kg7 28. Ke2 Kf6 29. Ke3 R8c4 30. Re1 Rxd3+ 31. Kxd3 Ke5 32. g3 Rd4+ 33. Kc3 Rxe4 34. Rf1 Re2 35. Kb3 Ke4 36. a4 bxa4+ 37. Kxa4 Rc2 38. Ka5 Rc6 39. Re1+ Kf5 40. Re3 d5 41. Rf3+ Ke5 42. b5 axb5 43. Kxb5 Rc2 44. Rf7 Rc7 45. Rxh7 d4 46. Rh8 d3 47. Rd8 Ke4 48. Kb4 Rc6 49. h4 Rc2 50. f3+ Ke3 51. Kb3 Rc1 0-1

[Event "DLM Youth 2024"]
[Site "Tuebingen"]
[Date "2024.10.03"]
[Round "1"]
[White "Bundan, Edward"]
[Black "Mukazhanov, Mansur"]
[Result "0-1"]
[ECO "B34"]
[WhiteElo "1952"]
[BlackElo "1894"]
[Annotator "RC"]
[PlyCount "100"]
[EventDate "2024.10.03"]
[EventType "team-swiss"]
[EventRounds "7"]
[EventCountry "GER"]
[SourceTitle "playchess.com"]
[Source "ChessBase"]
[SourceQuality "1"]
[TimeControl "40/5400+30:1800+30"]

1. e4 c5 2. Nf3 Nc6 3. d4 cxd4 4. Nxd4 g6 5. Nc3 Bg7 6. Be3 Nf6 7. Be2 O-O 8. Qd2 d5 9. Nxc6 bxc6 10. O-O-O Rb8 11. e5 Nd7 12. f4 Nb6 13. h4 Qc7 14. h5 Qb7 15. b3 Nc4 16. Bxc4 dxc4 17. hxg6 fxg6 18. Na4 cxb3 19. axb3 Bg4 20. Rdf1 Qa6 21. Qc3 Rfd8 22. Nc5 Qa3+ 23. Kb1 Rd5 24. Re1 Bf5 25. Qb2 Qa5 26. Na4 Rdb5 27. Qa2 e6 28. Kc1 c5 29. Bd2 Qc7 30. Nc3 Ra5 31. Na4 Ra6 32. c4 Qc6 33. Bc3 h5 34. Re2 Bh6 35. Rf2 Rxa4 36. bxa4 Rb1+ 37. Qxb1 Bxb1 38. Kxb1 Qe4+ 39. Kb2 Qxc4 40. g3 Qxa4 41. Rhh2 Bf8 42. Rd2 c4 43. Rc2 Ba3+ 44. Kb1 a5 45. Bb2 Qb5 46. Kc1 Bc5 47. Kd1 a4 48. Rhd2 a3 49. Rd8+ Kf7 50. Bc1 Qa4 0-1

[Event "DLM Youth 2024"]
[Site "Tuebingen"]
[Date "2024.10.03"]
[Round "1"]
[White "Steinbrenner, Peter"]
[Black "Fischermann, Simon"]
[Result "1-0"]
[ECO "C95"]
[WhiteElo "1952"]
[BlackElo "1873"]
[Annotator "RC"]
[PlyCount "77"]
[EventDate "2024.10.03"]
[EventType "team-swiss"]
[EventRounds "7"]
[EventCountry "GER"]
[SourceTitle "playchess.com"]
[Source "ChessBase"]
[SourceQuality "1"]
[TimeControl "40/5400+30:1800+30"]

1. e4 e5 2. Nf3 Nc6 3. Bb5 a6 4. Ba4 Nf6 5. O-O Be7 6. Re1 b5 7. Bb3 d6 8. c3 O-O 9. h3 Nb8 10. d4 Nbd7 11. Nbd2 Bb7 12. Bc2 Re8 13. Nf1 Bf8 14. Ng3 g6 15. a4 c5 16. Bg5 h6 17. dxe5 hxg5 18. exf6 Qxf6 19. Qd2 Bh6 20. Nh2 Ne5 21. Qe2 c4 22. Ng4 Nxg4 23. Qxg4 Rad8 24. Ne2 Qe6 25. Qxe6 Rxe6 26. Nd4 Re5 27. axb5 axb5 28. Ra5 b4 29. Ra7 Rb8 30. cxb4 Bg7 31. Kf1 Bf6 32. b3 c3 33. Re3 Ree8 34. Nb5 Rxe4 35. Bxe4 Bxe4 36. Nxc3 Bd4 37. Ra6 Bxe3 38. Nxe4 Rxb4 39. Nf6+ 1-0

[Event "DLM Youth 2024"]
[Site "Tuebingen"]
[Date "2024.10.03"]
[Round "1"]
[White "Sickmann, Lisa"]
[Black "Wartenberg, Alissa"]
[Result "1-0"]
[ECO "C77"]
[WhiteElo "1946"]
[BlackElo "1813"]
[Annotator "RC"]
[PlyCount "73"]
[EventDate "2024.10.03"]
[EventType "team-swiss"]
[EventRounds "7"]
[EventCountry "GER"]
[SourceTitle "playchess.com"]
[Source "ChessBase"]
[SourceQuality "1"]
[TimeControl "40/5400+30:1800+30"]

1. e4 e5 2. Nf3 Nc6 3. Bb5 a6 4. Ba4 Nf6 5. d3 d6 6. c3 Be7 7. O-O O-O 8. Nbd2 Re8 9. Re1 Bf8 10. Nf1 b5 11. Bc2 Ne7 12. h3 c5 13. Ng3 Ng6 14. d4 Qc7 15. a4 Bb7 16. Bg5 Nd7 17. h4 Ne7 18. h5 h6 19. Be3 Nf6 20. Nh4 exd4 21. cxd4 Nc6 22. Nhf5 Nb4 23. d5 Nxc2 24. Qxc2 Bc8 25. axb5 Bxf5 26. Nxf5 Nxe4 27. Rxa6 Rxa6 28. bxa6 Qc8 29. Qa4 Nf6 30. a7 Nxd5 31. Ra1 Nc7 32. Qg4 Kh8 33. Ra3 Re5 34. Nxh6 Qxg4 35. Nxg4 Re8 36. Rb3 Na8 37. Rb8 1-0

[Event "DLM Youth 2024"]
[Site "Tuebingen"]
[Date "2024.10.03"]
[Round "1"]
[White "Bezsonna, Polina"]
[Black "Roessling, Laura Marie"]
[Result "1-0"]
[ECO "C54"]
[WhiteElo "1905"]
[BlackElo "1624"]
[Annotator "RC"]
[PlyCount "57"]
[EventDate "2024.10.03"]
[EventType "team-swiss"]
[EventRounds "7"]
[EventCountry "GER"]
[SourceTitle "playchess.com"]
[Source "ChessBase"]
[SourceQuality "1"]
[TimeControl "40/5400+30:1800+30"]

1. e4 e5 2. Nf3 Nc6 3. Bc4 Bc5 4. c3 Nf6 5. d4 exd4 6. e5 d5 7. Bb5 Ne4 8. cxd4 Bb6 9. Nc3 Bg4 10. Be3 O-O 11. h3 Bh5 12. Qc2 Nxc3 13. bxc3 f6 14. exf6 Rxf6 15. Be2 Qd7 16. O-O Bg6 17. Qd2 Raf8 18. Ne5 Nxe5 19. dxe5 Bxe3 20. Qxe3 Rb6 21. Rad1 Bf5 22. g4 Be6 23. f4 Qe7 24. f5 Bf7 25. e6 Be8 26. Rxd5 g6 27. Bc4 gxf5 28. Rd7 Qf6 29. Rxf5 1-0

[Event "DLM Youth 2024"]
[Site "Tuebingen"]
[Date "2024.10.03"]
[Round "1"]
[White "Schulz, Tim"]
[Black "Nunez Gregoire, Daniel"]
[Result "1-0"]
[ECO "D04"]
[WhiteElo "1901"]
[BlackElo "2154"]
[Annotator "RC"]
[PlyCount "105"]
[EventDate "2024.10.03"]
[EventType "team-swiss"]
[EventRounds "7"]
[EventCountry "GER"]
[SourceTitle "playchess.com"]
[Source "ChessBase"]
[SourceQuality "1"]
[TimeControl "40/5400+30:1800+30"]

1. d4 d5 2. Nf3 Nf6 3. e3 c5 4. dxc5 e6 5. b4 a5 6. c3 b6 7. Bb5+ Bd7 8. Bxd7+ Nfxd7 9. cxb6 axb4 10. O-O Qxb6 11. Bb2 f6 12. Nh4 g6 13. Qf3 Bg7 14. c4 Ra5 15. Nd2 Ne5 16. Bxe5 fxe5 17. e4 d4 18. Rfb1 Nc6 19. Qh3 Ke7 20. Nb3 Ra3 21. Nf3 Bf6 22. Ne1 Na5 23. Nc2 Ra4 24. Nxa5 Qxa5 25. Qb3 Kf7 26. Nxb4 Rb8 27. a3 Qa8 28. Qd1 Rxa3 29. Rxa3 Qxa3 30. Nd3 Rxb1 31. Qxb1 Qc3 32. c5 g5 33. h3 Qc4 34. Qb7+ Kf8 35. c6 Bd8 36. Qd7 Ba5 37. Qd6+ Ke8 38. Qxe5 Qxd3 39. Qxe6+ Kf8 40. Qf6+ Ke8 41. Qe5+ Kf7 42. Qf5+ Ke7 43. Qxa5 Qb1+ 44. Kh2 Qxe4 45. Qc7+ Kf8 46. Qd6+ Qe7 47. Qxd4 Qc7+ 48. g3 Qxc6 49. Qh8+ Kf7 50. Qxh7+ Kf8 51. Qf5+ Ke8 52. Qxg5 Qf3 53. Qe3+ 1-0

[Event "DLM Youth 2024"]
[Site "Tuebingen"]
[Date "2024.10.03"]
[Round "1"]
[White "Brunner, Sophia"]
[Black "Huppert, Anna"]
[Result "1-0"]
[ECO "D02"]
[WhiteElo "1863"]
[BlackElo "1661"]
[Annotator "NA RC"]
[PlyCount "104"]
[EventDate "2024.10.03"]
[EventType "team-swiss"]
[EventRounds "7"]
[EventCountry "GER"]
[SourceTitle "playchess.com"]
[Source "ChessBase"]
[SourceQuality "1"]
[TimeControl "40/5400+30:1800+30"]

1. d4 Nf6 2. Nf3 e6 3. g3 d5 4. Bg2 c5 5. e3 Nc6 6. O-O Bd6 7. dxc5 Bxc5 8. b3 e5 9. Bb2 Qe7 10. Nbd2 Bg4 11. Qe1 e4 12. Nd4 Nxd4 13. exd4 Bb4 14. c3 Ba5 15. h3 Bh5 16. a3 O-O 17. b4 Bb6 18. c4 Bg6 19. c5 Bc7 20. Qe3 Nd7 21. Kh2 f5 22. f4 Rae8 23. Rfc1 Rf6 24. Qb3 Bf7 25. Nf1 Rg6 26. Qe3 Qe6 27. b5 Nf6 28. a4 Rc8 29. Bc3 Be8 30. Be1 Rh6 31. Kg1 Bd8 32. Qf2 Kh8 33. Ne3 Ng8 34. Bf1 Bf6 35. Rd1 Ne7 36. a5 g5 37. fxg5 Bxg5 38. h4 Bf6 39. a6 b6 40. c6 Rg6 41. Qf4 Rg7 42. Kh2 Bh5 43. Rd2 Bg4 44. Nxg4 Rxg4 45. Qe3 Qd6 46. Kh1 f4 47. gxf4 Rxf4 48. Bg3 Rxh4+ 49. Bxh4 Bxh4 50. Bh3 Rf8 51. Bg4 Nf5 52. Bxf5 Rxf5 1-0

[Event "DLM Youth 2024"]
[Site "Tuebingen"]
[Date "2024.10.03"]
[Round "1"]
[White "Kateryniuk, Ivan"]
[Black "Bauer, Laura Sophie"]
[Result "1-0"]
[ECO "B02"]
[WhiteElo "1860"]
[BlackElo "1943"]
[Annotator "RC"]
[PlyCount "59"]
[EventDate "2024.10.03"]
[EventType "team-swiss"]
[EventRounds "7"]
[EventCountry "GER"]
[SourceTitle "playchess.com"]
[Source "ChessBase"]
[SourceQuality "1"]
[TimeControl "40/5400+30:1800+30"]

1. e4 c5 2. c3 Nf6 3. e5 Nd5 4. d4 cxd4 5. cxd4 e6 6. Nc3 d6 7. Nxd5 exd5 8. Nf3 Nc6 9. Bd3 dxe5 10. dxe5 Bb4+ 11. Bd2 Bxd2+ 12. Qxd2 O-O 13. O-O Bg4 14. Qf4 Bxf3 15. Qxf3 g6 16. Qg3 Qb6 17. Kh1 Qxb2 18. f4 Qd4 19. Rad1 Qb6 20. f5 Qc7 21. Rde1 Rae8 22. f6 Rxe5 23. Qf4 Kh8 24. Re3 g5 25. Qg3 Rxe3 26. Qxc7 Rxd3 27. Qxb7 Rc3 28. h3 h6 29. Qd7 d4 30. Re1 1-0

[Event "DLM Youth 2024"]
[Site "Tuebingen"]
[Date "2024.10.03"]
[Round "1"]
[White "Wartenberg, Alexander"]
[Black "Braeutigam, Katerina"]
[Result "0-1"]
[ECO "B15"]
[WhiteElo "1857"]
[BlackElo "2099"]
[Annotator "RC"]
[PlyCount "64"]
[EventDate "2024.10.03"]
[EventType "team-swiss"]
[EventRounds "7"]
[EventCountry "GER"]
[SourceTitle "playchess.com"]
[Source "ChessBase"]
[SourceQuality "1"]
[TimeControl "40/5400+30:1800+30"]

1. e4 c6 2. Nf3 g6 3. d4 Bg7 4. Nc3 d5 5. Bd3 Bg4 6. Be3 dxe4 7. Bxe4 f5 8. Bd3 Bxf3 9. gxf3 Bxd4 10. Bc4 e5 11. f4 Bxe3 12. Qxd8+ Kxd8 13. fxe3 exf4 14. O-O-O+ Kc7 15. exf4 Nd7 16. Rhe1 Ngf6 17. Bf7 Rhf8 18. Re7 Kd8 19. Rde1 Nc5 20. Bc4 Re8 21. Rxe8+ Nxe8 22. b4 Nd7 23. Ne2 Nb6 24. Bb3 Nf6 25. Nd4 Kd7 26. Ne6 Re8 27. Nc5+ Kc7 28. Ne6+ Kc8 29. Rd1 Nbd5 30. Bxd5 Nxd5 31. Ng5 Re7 32. Rd4 h6 0-1

[Event "DLM Youth 2024"]
[Site "Tuebingen"]
[Date "2024.10.03"]
[Round "1"]
[White "Shevchenko, Igor"]
[Black "Stehning, Toni"]
[Result "1-0"]
[ECO "D34"]
[WhiteElo "1856"]
[BlackElo "1817"]
[Annotator "NA RC"]
[PlyCount "67"]
[EventDate "2024.10.03"]
[EventType "team-swiss"]
[EventRounds "7"]
[EventCountry "GER"]
[SourceTitle "playchess.com"]
[Source "ChessBase"]
[SourceQuality "1"]
[TimeControl "40/5400+30:1800+30"]

1. d4 d5 2. c4 e6 3. Nc3 c5 4. cxd5 exd5 5. Nf3 Nc6 6. g3 Nf6 7. Bg2 Be7 8. O-O O-O 9. Bg5 {[%emt 0:21:40] 9.dxc5 is the modern continuation.} c4 10. Re1 {[%emt 0:19:06] D34: Tarrasch Defence: 6 g3 Nf6 7 Bg2 Be7.} (10. Ne5 $14 {might be stronger.}) 10... h6 11. Bxf6 Bxf6 12. Qd2 Re8 13. Rad1 Bf5 14. a3 $146 ({Predecessor:} 14. Ne5 Nxd4 15. Qxd4 Bxe5 16. Qxd5 Qxd5 17. Bxd5 Be6 18. Bg2 g5 19. Rd2 Rad8 20. Red1 Rxd2 21. Rxd2 b5 22. a3 Rb8 23. Nd5 Bxd5 {½-½ Volke,K (2450)-Schiffer,K (2325) Groningen op 1995}) 14... Be4 15. e3 Qd7 16. h4 (16. Qc1 $14) 16... Rad8 17. Nxe4 dxe4 18. Nh2 g5 19. hxg5 Bxg5 20. Qe2 Qe6 21. Nf1 b5 22. Nd2 f5 23. Rc1 Qg6 24. Red1 Ne7 25. Nb1 Nd5 26. Nc3 Nxc3 27. Rxc3 Qf7 28. a4 a6 29. Bf1 Rc8 30. axb5 axb5 31. Rdc1 $14 ({White should play} 31. b3 $16) 31... Rc7 32. b3 Rec8 33. bxc4 Rxc4 34. Rxc4 1-0

[Event "DLM Youth 2024"]
[Site "Tuebingen"]
[Date "2024.10.03"]
[Round "1"]
[White "Glowiak, Alexandra"]
[Black "Junge, Mattheo Gabriel"]
[Result "0-1"]
[ECO "B10"]
[WhiteElo "1839"]
[BlackElo "1907"]
[Annotator "RC"]
[PlyCount "104"]
[EventDate "2024.10.03"]
[EventType "team-swiss"]
[EventRounds "7"]
[EventCountry "GER"]
[SourceTitle "playchess.com"]
[Source "ChessBase"]
[SourceQuality "1"]
[TimeControl "40/5400+30:1800+30"]

1. e4 c6 2. Nf3 g6 3. Nc3 Bg7 4. Be2 d6 5. a3 Nf6 6. d4 O-O 7. O-O Bg4 8. Be3 Nbd7 9. h3 Bxf3 10. Bxf3 e5 11. d5 Qc7 12. Rc1 cxd5 13. Nxd5 Nxd5 14. Qxd5 Nb6 15. Qa5 Rfc8 16. b3 Qc3 17. Qxc3 Rxc3 18. Bd2 Rc6 19. c4 a5 20. a4 Nd7 21. Be3 h5 22. Bd1 Kh7 23. g4 hxg4 24. hxg4 Nc5 25. Bc2 Ne6 26. g5 Bf8 27. f4 exf4 28. Bxf4 Be7 29. Rcd1 Nxf4 30. Rxf4 Kg7 31. Rg4 Rh8 32. Rd5 Rc5 33. Bd3 Rh3 34. Rxc5 dxc5 35. Bc2 Rc3 36. Rg2 b6 37. Bd1 Rc1 38. Rd2 Bxg5 39. Rd6 Bf4 40. Rd5 Be3+ 41. Kf1 Bd4 42. Ke2 Rc3 43. Kd2 Re3 44. Bc2 Rh3 45. Bd3 Be3+ 46. Ke2 Bf4 47. Kd1 g5 48. Kc2 Rh2+ 49. Kb1 g4 50. Rf5 Be3 51. Bf1 g3 52. Rf3 Bf2 0-1